 Dungeon Crawl Stone Soup version 0.28.0 (webtiles) character file.

Game seed: 998121523186574709

102 AmazingTV the Sneak (level 4, 0/36 HPs)
             Began as a Spriggan Brigand on June 24, 2022.
             Slain by an adder (3 damage)
             ... in a sewer.
             The game lasted 00:07:52 (2428 turns).

AmazingTV the Sneak (Spriggan Brigand)              Turns: 2428, Time: 00:07:53

Health: 0/36       AC: 22    Str:  9    XL:     4   Next: 50%
Magic:  5/5        EV:  4    Int: 12    God:
Gold:   111        SH:  0    Dex: 16    Spells: 3/3 levels left

rFire   + . .      SeeInvis +   a - +2 dagger
rCold   + . .      Faith    .   (no shield)
rNeg    . . .      Spirit   .   (armour currently unavailable)
rPois   +          Reflect  .   (helmet currently unavailable)
rElec   +          Harm     .   (cloak currently unavailable)
rCorr   +          Rampage  .   (gloves unavailable)
Will    .....      NoTele   +   (boots unavailable)
Stlth   +++.......              (no amulet)
HPRegen 0.12/turn               (no ring)
MPRegen 0.09/turn               (no ring)

@: tree-form, resistant
A: stationary, stasis, torment immunity, boosted hp, very small, no large
weapons, unfitting armour, see invisible, (speed 3)
a: no special abilities


You were in a sewer.
You were a tree.
You visited 1 branch of the dungeon, and saw 3 of its levels.
You also visited: Sewer.

You collected 111 gold pieces.

Inventory:

Hand Weapons
 a - a +2 dagger (weapon)
 b - a +0 hunting sling
Missiles
 d - 5 poisoned darts (quivered)
 e - 2 curare-tipped darts
 h - 54 stones
Armour
 c - a +0 cloak (melded)
 i - a +0 robe (melded)
Scrolls
 f - a scroll of noise {unknown}
 g - 3 scrolls of identify {unknown}
 j - a scroll of amnesia {unknown}
 l - a scroll of fear {unknown}
 n - a scroll of teleportation {unknown}


   Skills:
 + Level 3.0 Fighting
 - Level 2.1 Short Blades
 + Level 0.6(2.7) Slings
 + Level 3.5(3.6) Throwing
 - Level 1.3 Dodging
 - Level 5.8 Stealth


You had 3 spell levels left.
You didn't know any spells.
Your spell library was empty.

Dungeon Overview and Level Annotations

Branches:
Dungeon (3/15)              Sewer (1/1)

Altars:
Hepliaklqana


Innate Abilities, Weirdness & Mutations

You are a tree.
Your roots penetrate the ground, keeping you stationary.
You cannot be teleported.
You are immune to unholy pain and torment.
Your maximum health is greatly increased.
Your equipment is partially melded.
You are very small and have problems with some larger weapons.
You are too small for most types of armour.
You have supernaturally acute eyesight. (SInv)
((You cover ground extremely quickly. (Speed+++)))


Message History

You enter a sewer!
Found a gate leading back out of this place.
There is an empty arch of ancient stone here.
HP restored.
An adder comes into view.
The adder hisses angrily.
The adder bites you but does no damage.
You closely miss the adder. The adder bites you.
You are poisoned.
The adder poisons you!
You miss the adder.
You feel sick. The adder bites you.
You are more poisoned.
The adder poisons you!
You completely miss the adder.
You feel very sick. The adder bites you.
You closely miss the adder.
You feel sick. The adder barely misses you.
You barely miss the adder.
You feel sick. The adder completely misses you. The adder misses you.
You closely miss the adder.
You feel sick. The adder closely misses you.
You barely miss the adder.
You feel sick. The adder bites you.
* * * LOW HITPOINT WARNING * * *
It was a potion of lignification.
You turn into a tree.
Your +0 cloak melds into your body.
Your +0 robe melds into your body.
Your roots penetrate the ground.
You feel sick. The adder bites you but does no damage.
It was a potion of resistance.
You feel protected.
You feel sick.
The adder bites you but does no damage. x2
It was a potion of flight.
Your roots keep you in place.
You feel sick. The adder barely misses you.
You closely miss the adder.
You feel sick. The adder bites you but does no damage.
You miss the adder.
You feel sick.
You are no longer poisoned.
The adder barely misses you.
You hit the adder but do no damage. The adder bites you but does no damage.
You miss the adder. The adder bites you but does no damage.
You miss the adder. The adder bites you.
You die...

###########
≈.≈..≈≈≈.∩#
.....≈S♣.∩#
###########


You could see an adder.

Vanquished Creatures
  3 gnolls (D:2)
  3 adders
  A worm (D:3)
  3 dart slugs
  A bat (D:2)
  2 endoplasms
  6 giant cockroaches
  2 goblins
  4 hobgoblins
  A jackal (D:2)
  A kobold (D:1)
  2 quokkas (D:1)
  3 ball pythons
  2 frilled lizards (D:2)
  3 rats
37 creatures vanquished.

Notes
Turn   | Place    | Note
-------+----------+-------------------------------------------
     0 | D:1      | AmazingTV the Spriggan Brigand began the quest for the Orb.
     0 | D:1      | Reached XP level 1. HP: 10/10 MP: 2/2
   315 | D:1      | Reached XP level 2. HP: 8/15 MP: 3/3
  1040 | D:2      | Reached XP level 3. HP: 19/19 MP: 4/4
  1369 | D:2      | Reached XP level 4. HP: 17/23 MP: 5/5
  1978 | D:2      | Found a faded altar of an unknown god.
  2066 | D:3      | Found a hazy altar of Hepliaklqana.
  2375 | D:3      | Found a glowing drain.
  2401 | Sewer    | Entered a sewer
  2428 | Sewer    | Slain by an adder

Illustrated notes

Levels and vault maps discovered:
D:1:      minmay_arrival_four_circles, layout_basic, minmay_indecisive_spiral
D:2:      layout_loops_ring, hellmonk_ecumenical_altar_leap_of_faith,
          kennysheep_donut, fountainhead, minmay_nonomino_d4
D:3:      layout_basic, mainiacjoe_overflow_alcove_4,
          mainiacjoe_overflow_brackets, lemuel_tele_altar, serial_shops, shop,
          gup_sewer_entry_bubbles, hex_tiny
Sewer:    sewer_co_cracked_pipes

Skill      XL: |  1  2  3  4 |
---------------+-------------+-----
Fighting       | 2 3 |  3.0
Throwing       | 3 |  3.5
Short Blades   | |  2.1
Slings         | |  0.6
Dodging        | |  1.3
Stealth        | |  5.8

Action                   |  1- 3 |  4- 6 || total
-------------------------+-------+-------++-------
Melee: Dagger            |    79 |    84 ||   163
       Punch             |     2 |       ||     2
Throw: Dart              |    12 |     1 ||    13
  Use: Potion            |       |     3 ||     3
 Stab: Sleeping          |     6 |     3 ||     9
       Distracted        |     1 |       ||     1
Armor: Robe              |     4 |    10 ||    14
       Skin              |       |     6 ||     6
Dodge: Dodged            |    57 |    33 ||    90
